 Dungeon Crawl Stone Soup version 0.21-a0-525-ga34b322 (webtiles) character file.

238 slep the Chopper (level 6, -3/32 HPs)
             Began as a Vine Stalker Gladiator on Dec 8, 2017.
             Slain by an orc warrior
             ... wielding a cursed -1 halberd
              (16 damage)
             ... on level 3 of the Dungeon.
             The game lasted 00:04:49 (1620 turns).

slep the Chopper (Vine Stalker Gladiator)           Turns: 1620, Time: 00:04:49

Health: -3/32      AC:  4    Str: 18    XL:     6   Next: 7%
Magic:  0/7        EV: 13    Int:  8    God:
Gold:   174        SH:  0    Dex: 16    Spells: 5/5 levels left

rFire    + . .     SeeInvis .   a - +0 war axe
rCold    . . .     Gourm    .   (no shield)
rNeg     . . .     Faith    .   b - +0 leather armour
rPois    .         Spirit   +   c - +0 helmet
rElec    .         Reflect  .   (no cloak)
rCorr    .         Harm     .   (no gloves)
MR       .....                  (no boots)
Stlth    ++........             (no amulet)
HPRegen  0.50/turn              h - ring of protection from fire
MPRegen  0.10/turn              (no ring)

@: no status effects
A: fangs 2, regeneration 1, magic shield, antimagic bite, no potion heal 3, rot
immunity
a: no special abilities


You were on level 3 of the Dungeon.
You were not hungry.

You visited 1 branch of the dungeon, and saw 3 of its levels.

You collected 174 gold pieces.

Inventory:

Hand Weapons
 a - a +0 war axe (weapon)
Missiles
 d - 2 throwing nets (quivered)
Armour
 b - a +0 leather armour (worn)
 c - a +0 helmet (worn)
Jewellery
 h - a ring of protection from fire (left hand)
 r - an uncursed ring of protection from fire
Scrolls
 e - 2 scrolls of teleportation {unknown}
 i - a scroll of fear {unknown}
 k - 5 scrolls of identify {unknown}
 n - 2 scrolls of remove curse {unknown}
 q - a scroll of amnesia {unknown}
Potions
 g - a potion of cancellation {unknown}
 m - a potion of ambrosia {unknown}
 o - a potion of degeneration {unknown}
 p - a potion of might {unknown}
 s - a potion of curing {unknown}
Comestibles
 f - a bread ration
 j - 2 royal jellies
 l - a meat ration


   Skills:
 + Level 2.6 Fighting
 + Level 4.1 Axes
 + Level 2.1 Throwing
 + Level 1.8 Armour
 + Level 3.2 Dodging
 + Level 1.4 Stealth


You had 5 spell levels left.
You didn't know any spells.

Dungeon Overview and Level Annotations

Branches:
Dungeon (3/15)

Altars:
Dithmenos


Innate Abilities, Weirdness & Mutations

You have extremely sharp teeth.
Your natural rate of healing is unusually fast.
When hurt, damage is shared between your health and your magic reserves.
Your bite disrupts and absorbs the magic of your enemies.
Potions cannot restore your health.
You are immune to rotting.


Message History

You bite the orc warrior, but do no damage.
The orc warrior is lightly wounded.
The orc warrior struggles against the net.
You slash the orc warrior! You bite the orc warrior. You drain its power.
You feel invigorated.
The orc warrior is heavily wounded.
The orc warrior struggles against the net.
You hit the orc warrior.
The orc warrior is severely wounded.
The orc warrior struggles against the net. x2
You hit the orc warrior.
You bite the orc warrior, but do no damage.
The orc warrior is almost dead.
The orc warrior struggles against the net.
The net rips apart, and the orc warrior comes free!
You closely miss the orc warrior.
The orc warrior is almost dead.
The orc warrior hits you with an enchanted halberd!!
Ouch! That really hurt!
You die...

### #@# #o# #o# ####o#
..#.# #######.#.#
########.......#.#######
.........o....^.......>#
..##...###############.#


You could see an orc warrior, an orc wizard and an orc.

Vanquished Creatures
  Sigmund (D:2)
  3 adders
  A worm (D:2)
  A dart slug (D:1)
  2 leopard geckos (D:2)
  3 orcs (D:2)
  7 bats
  A giant cockroach (D:1)
  6 goblins
  3 hobgoblins
  5 jackals
  6 kobolds
  A quokka (D:2)
  A frilled lizard (D:1)
  2 rats (D:1)
43 creatures vanquished.

Notes
Turn   | Place    | Note
-------+----------+-------------------------------------------
     0 | D:1      | slep the Vine Stalker Gladiator began the quest for the Orb.
     0 | D:1      | Reached XP level 1. HP: 11/11 MP: 2/2
    89 | D:1      | Reached XP level 2. HP: 13/15 MP: 3/3
   480 | D:1      | Reached skill level 3 in Axes
   641 | D:1      | Reached XP level 3. HP: 16/18 MP: 4/4
   837 | D:2      | Noticed Sigmund
   852 | D:2      | Killed Sigmund
   852 | D:2      | Reached skill level 4 in Axes
   852 | D:2      | Reached skill level 1 in Armour
   852 | D:2      | Reached skill level 1 in Stealth
   852 | D:2      | Gained mutation: Your natural rate of healing is unusually fast. [Vine Stalker growth]
   852 | D:2      | Reached XP level 4. HP: 9/23 MP: 5/5
   852 | D:2      | Reached XP level 5. HP: 10/27 MP: 6/6
   906 | D:2      | Found a shadowy altar of Dithmenos.
  1547 | D:3      | Reached XP level 6. HP: 26/32 MP: 4/7
  1556 | D:3      | Noticed an orc warrior
  1620 | D:3      | Slain by an orc warrior

Vault maps used:
D:1:      dpeg_arrival_rhombi
D:2:      old_standard_altar, uniq_sigmund
D:3:      lightli_sewer_entry_pipes

Skill      XL: |  1  2  3 |
---------------+----------+-----
Fighting       | 2 |  2.6
Throwing       | 2 |  2.1
Axes           | 3 4 |  4.1
Armour         | 1 |  1.8
Dodging        | 3 |  3.2
Stealth        | 1 |  1.4

Action                   |  1- 3 |  4- 6 || total
-------------------------+-------+-------++-------
Melee: War axe           |    69 |    60 ||   129
       Bite              |    18 |    17 ||    35
Throw: Throwing net      |       |     1 ||     1
 Stab: Sleeping          |     2 |     1 ||     3
  Eat: Chunk             |       |     2 ||     2
Armor: Leather armour    |    19 |    18 ||    37
Dodge: Dodged            |    55 |    39 ||    94

Table legend:
 A = Spawn XP
 B = Non-spawn XP
 C = Spawn XP percentage of total XP
 D = Spawn monster count
 E = Non-spawn monster count
 F = Spawn count percentage of total count
 G = Total turns spent on level
                    A         B        C        D         E        F      G
               +---------+---------+-------+---------+---------+-------+---------
         Total |       0 |     341 |   0.0 |       0 |      43 |   0.0 |  1620
               +---------+---------+-------+---------+---------+-------+---------
           D:1 |       0 |      36 |   0.0 |       0 |      20 |   0.0 |   725
           D:2 |       0 |     279 |   0.0 |       0 |      21 |   0.0 |   807
           D:3 |       0 |      26 |   0.0 |       0 |       2 |   0.0 |    88
               +---------+---------+-------+---------+---------+-------+---------
